 Dungeon Crawl Stone Soup version 0.30.0-5-g1a98f26d00 (webtiles) character file.

Game seed: 6524097842792357319

89 Cheops the Ruffian (level 4, -1/38 HPs)
             Began as a Ghoul Monk on May 9, 2023.
             Slain by a gnoll
             ... wielding a +0 spear
              (8 damage)
             ... on level 2 of the Dungeon.
             The game lasted 00:04:24 (1719 turns).

Cheops the Ruffian (Ghoul Monk)                     Turns: 1719, Time: 00:04:25

Health: -1/38      AC:  2    Str: 16    XL:     4   Next: 55%
Magic:  3/3        EV: 12    Int:  5    God:
Gold:   247        SH:  0    Dex: 11    Spells: 3/3 levels left

rFire   . .          .
                       - Unarmed
rCold   + . .        c - orb {light}
rNeg    + + +        a - +0 robe
rPois   ∞            (no helmet)
rElec   .            (no cloak)
rCorr   +            (no gloves)
SInv    .            (no boots)
Will    .....        (no amulet)
Stlth   +            o - ring of resist corrosion
HPRegen 0.00/turn    (no ring)
MPRegen 0.08/turn

%: no passive effects
@: inhibited regen, glowing
A: claws 1, cold resistance 1, negative energy resistance 3, inhibited
regeneration, torment resistance 2, devour on kill
a: no special abilities


You were on level 2 of the Dungeon.
You visited 1 branch of the dungeon, and saw 3 of its levels.

You collected 247 gold pieces.

Inventory:

Armour
 a - a +0 robe (worn)
 c - an orb of light (worn)
Jewellery
 o - a ring of resist corrosion (left claw)
Scrolls
 d - a scroll of fear {unknown}
 e - a scroll of silence {unknown}
 f - 2 scrolls of poison {unknown}
 h - a scroll of amnesia {unknown}
 k - a scroll of enchant weapon {unknown}
 l - a scroll of immolation
 m - 2 scrolls of enchant armour {unknown}
 n - a scroll of butterflies {unknown}
 p - a scroll of identify {unknown}
Potions
 b - a potion of ambrosia
 g - a potion of mutation {unknown}
 i - 2 potions of brilliance {unknown}
 j - 3 potions of lignification {unknown}


   Skills:
 - Level 3.2 Fighting
 - Level 2.6 Dodging
 + Level 5.7 Unarmed Combat


You had 3 spell levels left.
You didn't know any spells.
Your spell library contained the following spells:

 Spells                   Type           Power      Damage    Failure   Level
 Cigotuvi's Dreadful Rot  Necr/Pois/Air  0%         N/A       63%         2
 Ensorcelled Hibernation  Hex/Ice        0%         N/A       63%         2
 Ignite Poison            Fire/Tmut/Pois 0%         N/A       85%         3
 Tukima's Dance           Hex            0%         N/A       85%         3
 Anguish                  Hex/Necr       0%         N/A       99%         4
 Passage of Golubria      Tloc           0%         N/A       99%         4
 Freezing Cloud           Conj/Ice/Air   0%         6-21      100%        5
 Yara's Violent Unravell  Hex/Tmut       0%         3d3       100%        5
 Spider Form              Tmut/Pois      Unusable   N/A       N/A         3

Dungeon Overview and Level Annotations

Branches:
Dungeon (3/15)

Altars:

Annotations:
D:3 2 transporters, SnakkuSnakku7's ghost, amateur AtWr


Innate Abilities, Weirdness & Mutations

You are immune to poison.
You have sharp fingernails.
Your flesh is cold resistant. (rC+)
You are immune to negative energy. (rN+++)
You do not regenerate when monsters are visible.
You are immune to unholy pain and torment.
You thrive by killing the living.


Message History

The cerulean imp disappears in a puff of smoke!
o - a ring of resist corrosion You see here the felid corpse of Natasha.
o - a ring of resist corrosion (left claw) SnakkuSnakku7's ghost whispers, "The ORB doesn't exist."
SnakkuSnakku7's ghost says, "Are you willing to die fighting?
I was!"
SnakkuSnakku7's ghost says very slowly, "There's no hope."
SnakkuSnakku7's ghost ripples.
SnakkuSnakku7's ghost screams, "You must not fail where I succeeded!"
SnakkuSnakku7's ghost whispers, "Trust me.
Just give in."
p - a scroll labelled NUNYSM VEGUOPP You open the door. 3 gnolls come into view.
The gnoll shouts!
You hear a shout!
A gnoll comes into view. It is wielding a +0 spear.
The gnoll hits you from afar with a +0 spear.
There is a stone staircase leading up here.
The gnoll hits you from afar with a +0 spear.
The gnoll barely misses you. The gnoll hits you with a +0 spear.
There is a stone staircase leading up here.
The gnoll hits you with a +0 spear.
* * * LOW HITPOINT WARNING * * *
The gnoll hits you with a +0 spear.
* * * LOW HITPOINT WARNING * * *
You climb upwards.
There is a stone staircase leading down here.
You claw the gnoll!
The gnoll is almost dead.
The gnoll closely misses you. The gnoll barely misses you.
You scratch the gnoll but do no damage.
The gnoll is severely wounded.
The gnoll hits you with a +0 spear.
* * * LOW HITPOINT WARNING * * *
The gnoll closely misses you.
You scratch the gnoll.
The gnoll is almost dead.
The gnoll hits you with a +0 spear.
* * * LOW HITPOINT WARNING * * *
The gnoll hits you with a +0 spear!
You die...

....#######.######.#
............# #.#
.##...############.#
.####.# #.........#
.##...# #.........#
.##...####.........#
###...'.##.........#
#...#.........g..#
#...##........@g.#
#...##.#.........#
#...##.#.........#
#...##...........#
#...##...........#
#...#..♣P.P..#####
#####...♣♣PP.#
#.....♣..##
######.#...P..##


You could see 2 gnolls.

Vanquished Creatures
  Natasha (D:3)
  An adder (D:2)
  2 dart slugs
  6 endoplasms
  A giant cockroach (D:1)
  5 goblins
  4 hobgoblins
  4 jackals (D:3)
  4 quokkas
  4 ball pythons
  3 bats
  3 kobolds
  8 rats
46 creatures vanquished.

Notes
Turn   | Place    | Note
-------+----------+-------------------------------------------
     0 | D:1      | Cheops the Ghoul Monk began the quest for the Orb.
     0 | D:1      | Reached XP level 1. HP: 19/19 MP: 0/0
    79 | D:1      | Reached XP level 2. HP: 19/26 MP: 1/1
    91 | D:1      | Reached skill level 4 in Unarmed Combat
   400 | D:1      | Reached XP level 3. HP: 31/31 MP: 2/2
   663 | D:2      | Found a faded altar of an unknown god.
   760 | D:2      | Reached skill level 5 in Unarmed Combat
  1499 | D:3      | Reached XP level 4. HP: 38/38 MP: 3/3
  1603 | D:3      | Noticed SnakkuSnakku7's ghost (amateur AtWr)
  1606 | D:3      | Found a transporter.
  1606 | D:3      | Found a transporter.
  1608 | D:3      | Noticed Natasha
  1616 | D:3      | Killed Natasha
  1719 | D:2      | Slain by a gnoll

Illustrated notes

Levels and vault maps discovered:
D:1:      mrwooster_arrival_arrow, layout_rooms, chequers_jeans
D:2:      layout_basic, serial_forest, infiniplex_forest_clump_medium,
          infiniplex_forest_lined_room_, infiniplex_forest_clump_double,
          infiniplex_forest_corner_1, hellmonk_ecumenical_altar_blasted
D:3:      layout_basic, mainiacjoe_overflow_24_doors, gammafunk_ghost_arena,
          serial_bayou_pond_c, uniq_natasha

Skill      XL: |  1  2  3 |
---------------+----------+-----
Unarmed Combat | 4 5 |  5.7
Fighting       | |  3.2
Dodging        | |  2.6

Action                     |  1- 3 |  4- 6 || total
---------------------------+-------+-------++-------
  Melee: Unarmed           |    99 |    22 ||   121
 Armour: Robe              |    10 |     3 ||    13
  Dodge: Dodged            |    46 |    14 ||    60
